 Dungeon Crawl Stone Soup version 0.31-a0-1204-ge2c1a860ed (webtiles) character file.

Game seed: 1872999639404061591

441 backslashecho the Changeling (level 7, -1/55 HPs)
             Began as a Meteoran Shapeshifter on Dec 12, 2023.
             Killed by nerve-wracking pain
             ... invoked by an orc priest
              (4 damage)
             ... on level 5 of the Dungeon.
             The game lasted 00:08:02 (1833 turns).

backslashecho the Changeling (MeSh)                 Turns: 1833, Time: 00:08:02

Health: -1/55      AC:  2    Str: 16    XL:     7   Next: 47%
Magic:  8/8        EV: 12    Int: 11    God:
Gold:   133        SH:  0    Dex: 16    Spells: 6/6 levels left

rFire   . .          .
                       - Unarmed
rCold   . . .        (no shield)
rNeg    . . .        a - +0 animal skin
rPois   .            (helmet currently unavailable)
rElec   .            (cloak currently unavailable)
rCorr   +            (gloves currently unavailable)
SInv    .            (boots currently unavailable)
Will    .....        (no amulet)
Stlth   +            b - ring of resist corrosion
HPRegen 0.29/turn    (no ring)
MPRegen 0.11/turn

%: no passive effects
@: beast-form, glowing
A: beast (slay +4), sense surroundings 1, otherworldly, glowing, explore regen
a: Begin Untransformation


You were on level 5 of the Dungeon.
You were a hulking beast.
You visited 1 branch of the dungeon, and saw 5 of its levels.

You collected 133 gold pieces.

Inventory:

Armour
 a - a +0 animal skin (worn)
 g - a +0 helmet
 o - a +0 pair of gloves
 p - a +0 cloak
Jewellery
 b - a ring of resist corrosion (left hand)
Talismans
 c - a beast talisman
 d - a flux talisman
Wands
 i - a wand of iceblast (8)
 l - a wand of paralysis (1)
 q - a wand of flame (9)
Scrolls
 e - a scroll of fear {unknown}
 h - a scroll of enchant armour {unknown}
 j - a scroll of identify {unknown}
 k - 2 scrolls of teleportation {unknown}
 r - a scroll of poison {unknown}
Potions
 f - 2 potions of degeneration
 m - a potion of berserk rage {unknown}
 n - a potion of mutation {unknown}
 s - a potion of haste {unknown}


   Skills:
 + Level 2.3 Fighting
 - Level 2.1 Dodging
 - Level 5.4 Unarmed Combat
 * Level 7.4 Shapeshifting


You had 6 spell levels left.
You didn't know any spells.
Your spell library contained the following spells:

 Spells                   Type           Power      Damage    Failure   Level
 Scorch                   Fire           0%         2d5       47%         2
 Flame Wave               Conj/Fire      0%         2d4       98%         4
 Summon Cactus Giant      Summ           0%         N/A       100%        6


Dungeon Overview and Level Annotations

Branches:
Dungeon (5/15) Zot: 1182
 Temple: D:4-7

Altars:
Dithmenos
Okawaru
Qazlal
Uskayaw

Annotations:
D:2 Robin


Innate Abilities, Weirdness & Mutations

You are a hulking beast.
Your limbs bulge with bestial killing power. (Slay +4)
You passively map a small area around you.
You are easily found by Zot.
You glow in the dark.
You regain HP and MP as you explore.


Message History

You hit the orc priest but do no damage.
Something hits you but does no damage. The orc priest barely misses you.
You barely miss the orc priest. Something hits you.
The orc priest closely misses you.
You take 3 damage, and have 33/55 hp.
You hit the orc priest.
The orc priest is lightly wounded.
Something hits you but does no damage. The orc priest closely misses you.
You hit the orc priest.
The orc priest is heavily wounded.
You barely miss the orc priest.
The orc priest is heavily wounded.
Something hits you.
The orc priest begins to cast a cantrip, but forgets the words!
You take 1 damage, and have 33/55 hp.
You hit the orc priest but do no damage.
The orc priest is heavily wounded.
Something hits you.
The orc priest hits you with a +0 flail.
You take 9 damage, and have 24/55 hp.
You hit the orc priest.
The orc priest is heavily wounded.
Something hits you. The orc priest misses you.
You take 5 damage, and have 19/55 hp.
You hit the orc priest but do no damage.
The orc priest is heavily wounded.
Something hits you.
* * * LOW HITPOINT WARNING * * *
An orc comes into view. It is wielding a +0 flail.
The orc priest looks encouraged for a moment.
You take 3 damage, and have 16/55 hp.
You barely miss the orc priest.
The orc priest is heavily wounded.
You hear some strange, mumbled words.
Something tries to affect you, but you resist.
The orc priest hits you with a +0 flail.
* * * LOW HITPOINT WARNING * * *
You take 2 damage, and have 14/55 hp.
The orc priest invokes the aid of Beogh against you.
You resist with significant effort.
Okay, then.
The orc priest mumbles some strange prayers to Beogh against you.
Pain shoots through your body!
* * * LOW HITPOINT WARNING * * *
You take 12 damage, and have 3/55 hp.
MASSIVE DAMAGE!!
You punch the orc priest!
The orc priest is almost dead.
The orc priest calls down the wrath of Beogh upon you.
Pain shoots through your body!
You die...

, .....) #.....# , *
#+# ...#.*###.#.#
... ..., #.#.# ,
...*,#.. #)#,# ,
,###.###.#### #.#.#
* #§...☼#....#+#...#
,.#.....#..........#
...._.oo)......##.#
*
.#.....#h.......#.#
, *
#....○#.......##.#
###.#####....## # *
>o., *####.# * * *
,... ,, ,..# , ...
,, ,* ### , ... , ,,
, * , , , , ,


You could see an orc priest and an orc.

Vanquished Creatures
  A black bear (D:4)
  A scorpion (D:4)
  2 jellies (D:4)
  2 orc priests (D:4)
  An iguana (D:5)
  A gnoll (D:1)
  6 adders
  2 worms
  3 dart slugs
  8 orcs
  6 ball pythons
  2 bats (D:1)
  5 endoplasms
  2 giant cockroaches (D:1)
  10 goblins
  2 hobgoblins
  A jackal (D:1)
  4 quokkas
  6 frilled lizards
  7 kobolds
  8 rats
80 creatures vanquished.

Notes
Turn   | Place    | Note
-------+----------+-------------------------------------------
     0 | D:1      | backslashecho the Meteoran Shapeshifter began the quest for
                  | the Orb.
     0 | D:1      | Reached XP level 1. HP: 16/16 MP: 2/2
    67 | D:1      | Reached XP level 2. HP: 19/23 MP: 3/3
    82 | D:1      | Reached skill level 4 in Shapeshifting
   130 | D:1      | Reached XP level 3. HP: 20/28 MP: 4/4
   407 | D:2      | Reached XP level 4. HP: 35/35 MP: 5/5
   568 | D:2      | Noticed Robin
   637 | D:1      | Reached skill level 5 in Shapeshifting
   697 | D:1      | Reached XP level 5. HP: 16/40 MP: 6/6
   758 | D:3      | Found a shadowy altar of Dithmenos.
   807 | D:3      | Found an iron altar of Okawaru.
   852 | D:3      | Noticed a +0 dagger
   852 | D:3      | Noticed a +0 dagger
   853 | D:3      | Found a hide-covered altar of Uskayaw.
  1545 | D:4      | Reached skill level 5 in Unarmed Combat
  1545 | D:4      | Reached skill level 6 in Shapeshifting
  1545 | D:4      | Reached XP level 6. HP: 47/47 MP: 7/7
  1567 | D:4      | Noticed a black bear
  1581 | D:4      | Killed a black bear
  1644 | D:4      | Reached XP level 7. HP: 36/52 MP: 8/8
  1721 | D:4      | Reached skill level 7 in Shapeshifting
  1776 | D:5      | Entered Level 5 of the Dungeon
  1798 | D:5      | Found a stormy altar of Qazlal.
  1833 | D:5      | Killed from afar by an orc priest

Illustrated notes

Levels and vault maps discovered:
D:1:      minmay_arrival_up_and_down, layout_rooms, minmay_vboxes
D:2:      layout_loops_cross, hellmonk_ecumenical_altar_inner_sanctum,
          hangedman_decor_opposing, nrook_loot_triangle,
          uniq_crazy_yiuf_cottage, uniq_robin
D:3:      layout_basic, nicolae_elyvilon_peaceful_grove,
          nicolae_dithmenos_shadow_blocks, dancing_weapons_uskayaw,
          lemuel_tele_altar, uniq_ijyb
D:4:      layout_basic, serial_co_window_serial, co_window_corner_a,
          co_window_corner_a, co_window_corner_a, co_window_paths_a,
          co_window_of_opportunity_a, co_window_paths_b, co_window_2corner,
          co_window_paths_c, co_window_corner_b, co_window_of_opportunity_b,
          co_window_4corner_b, glass_columns_c, glass_columns_a
D:5:      layout_basic, grunt_qazlal_clouds

Skill      XL: |  1  2  3  4  5  6  7 |
---------------+----------------------+-----
Shapeshifting  | 4 5 6 7 |  7.4
Unarmed Combat | 4 5 |  5.4
Fighting       | 2 |  2.3
Dodging        | |  2.1

Action                     |  1- 3 |  4- 6 |  7- 9 || total
---------------------------+-------+-------+-------++-------
  Melee: Unarmed           |    55 |   130 |    49 ||   234
         Punch             |     1 |     4 |     2 ||     7
  Evoke: Wand              |       |     3 |       ||     3
    Use: Potion            |     1 |     2 |       ||     3
   Stab: Sleeping          |       |     1 |       ||     1
         Paralysed         |       |     6 |       ||     6
 Armour: Animal skin       |    33 |    94 |    23 ||   150
         Skin              |     2 |       |       ||     2
  Dodge: Dodged            |    40 |    64 |    23 ||   127

Table legend: (Time is in decaauts)
 A = Elapsed time spent in this place.
 B = Non-inter-level travel time spent in this place.
 C = Inter-level travel time spent in this place.
 D = Time resting spent in this place.
 E = Time spent auto-exploring this place.
 F = Levels seen in this place.
 G = Mean time per level.
                   A        B        C        D        E       F      G
               +--------+--------+--------+--------+--------+-----+--------+
         Total |   1816 |   1711 |    105 |    141 |    417 |   5 |  363.2 |
       Dungeon |   1816 |   1711 |    105 |    141 |    417 |   5 |  363.2 |
               +--------+--------+--------+--------+--------+-----+--------+

Top non-repeatable levels by time:
     D:3: 554 daAuts
     D:1: 498 daAuts
     D:4: 487 daAuts
     D:2: 223 daAuts
     D:5: 54 daAuts
